General information
- name: BNet
- type: Ladder 1vs1/FFA
- host: Battle.net
- saver: BEAR_AND
map: PhantomGrove
- players: 2
- length: 04:32
- speed: Fast
- version: 1.21 W3XP
- replay type:

» download(13 KB)
Players
team 1 (winner)
BEAR_AND (
yellow | 97 APM | 439 actions | 04:32)
2 Archmage
1 Summon Water Elemental
1 Brilliance Aura
» actions
| Assign group hotkey | 10 | |
| Basic commands | 8 | |
| Build / train | 22 | |
| Enter build submenu | 15 | |
| Enter hero's abilities submenu | 2 | |
| Right click | 207 | |
| Select / deselect | 88 | |
| Select group hotkey | 65 | |
| Use ability | 22 | |
439 total
» units
» buildings
| Altar of Kings | 2 | |
| Farm | 4 | |
| Barracks | 1 | |
| Lumber Mill | 1 | |
| Scout Tower | 5 | |
| Arcane Tower | 2 | |
| Guard Tower | 2 | |
17 total
» build order
00:08 Altar of Kings
00:19 Farm
00:21 Altar of Kings
00:24 Barracks
00:50 Farm
02:00 Farm
02:43 Farm
02:54 Lumber Mill
03:16 Scout Tower
03:17 Scout Tower
03:22 Scout Tower
03:44 Arcane Tower
03:52 Scout Tower
03:54 Scout Tower
04:29 Guard Tower
04:30 Guard Tower
team 2 (loser)
breaksta (
orange | 36 APM | 162 actions | 04:31)
1 Blood Mage
1 Banish
» actions
| Assign group hotkey | 4 | |
| Basic commands | 20 | |
| Build / train | 15 | |
| ESC pressed | 1 | |
| Enter build submenu | 8 | |
| Enter hero's abilities submenu | 1 | |
| Right click | 54 | |
| Select / deselect | 41 | |
| Select group hotkey | 8 | |
| Use ability | 10 | |
162 total
» units
» buildings
| Altar of Kings | 1 | |
| Farm | 3 | |
| Barracks | 1 | |
| Lumber Mill | 1 | |
| Scout Tower | 2 | |
| Guard Tower | 2 | |
| Keep | 1 | |
11 total
» build order
00:07 Altar of Kings
00:11 Farm
00:16 Barracks
00:57 Farm
01:28 Lumber Mill
01:44 Scout Tower
02:19 Scout Tower
02:42 Guard Tower
03:18 Farm
03:34 Keep
04:27 Guard Tower
Chat log
(04:22 / All) BEAR_AND: s
(04:23 / All) BEAR_AND: so
(04:24 / All) BEAR_AND: pro
(04:27 / All) BEAR_AND: it hurts